 Dungeon Crawl Stone Soup version 0.22.1-2-g9c5b331 (webtiles) character file.

52 Straycheeseburger the Conjurer (level 3, -3/19 HPs)
             Began as a Deep Elf Conjurer on Nov 28, 2018.
             Slain by Natasha (8 damage)
             ... on level 2 of the Dungeon.
             The game lasted 00:09:36 (1460 turns).

Straycheeseburger the Conjurer (Deep Elf Conjurer)  Turns: 1460, Time: 00:09:37

Health: -3/19      AC:  3    Str:  5    XL:     3   Next: 60%
Magic:  5/10       EV: 10    Int: 20    God:
Gold:   112        SH:  6    Dex: 15    Spells: 6/10 levels left

rFire    . . .     SeeInvis .   d - -3 club (curse)
rCold    . . .     Gourm    .   q - +0 shield
rNeg     . . .     Faith    .   k - +0 robe
rPois    .         Spirit   .   (no helmet)
rElec    .         Reflect  .   l - +0 cloak
rCorr    .         Harm     .   (no gloves)
MR       .....                  (no boots)
Stlth    ++........             (no amulet)
HPRegen  0.06/turn              (no ring)
MPRegen  0.12/turn              (no ring)

@: very slightly contaminated
A: no striking features
a: no special abilities


You were on level 2 of the Dungeon.
You were hungry.

You visited 1 branch of the dungeon, and saw 2 of its levels.

You collected 112 gold pieces.

Inventory:

Hand Weapons
 d - a cursed -3 club (weapon)
 i - a +0 hand axe
 j - a +0 dagger
Armour
 a - a +0 robe
 e - a +0 robe
 k - a +0 robe (worn)
 l - a +0 cloak (worn)
 q - a +0 shield (worn)
Jewellery
 o - an uncursed ring of protection from magic {unknown}
Scrolls
 b - a scroll of fear {unknown}
 g - 2 scrolls of immolation {unknown}
 h - a scroll of noise {unknown}
 n - a scroll of remove curse {unknown}
Potions
 f - 3 potions of berserk rage
Comestibles
 c - 2 rations


   Skills:
 + Level 2.8 Dodging
 - Level 2.4 Stealth
 * Level 4.0 Spellcasting
 + Level 5.3 Conjurations


You had 6 spell levels left.
You knew the following spells:

 Your Spells              Type           Power        Failure   Level  Hunger
a - Magic Dart            Conj           ####         11%         1    None
b - Dazzling Spray        Conj/Hex       ##....       67%         3    ###....

Your spell library contained the following spells:

 Spells                   Type           Power        Failure   Level  Hunger
 Searing Ray              Conj           ####..       16%         2    #......
 Iskenderun's Mystic Bla  Conj           ####....     71%         4    ####...
 Force Lance              Conj/Tloc      ##......     97%         4    ####...
 Fulminant Prism          Conj/Hex       ##........   97%         4    ####...


Dungeon Overview and Level Annotations

Branches:
Dungeon (2/15)

Altars:

Annotations:
D:2 Natasha


Message History

Aiming: Magic Dart (safe; 11% risk of failure)
Press: ? - help, Shift-Dir - straight line, f/p - Natasha
Aim: Natasha The magic dart hits Natasha.
Natasha is lightly wounded.
Natasha claws you.
* * * LOW HITPOINT WARNING * * *
Casting: Magic Dart (safe; 11% risk of failure)
Confirm with . or Enter, or press ? or * to list all spells.
Aiming: Magic Dart (safe; 11% risk of failure)
Press: ? - help, Shift-Dir - straight line, f/p - Natasha
Aim: Natasha (lightly wounded)
The magic dart hits Natasha.
Natasha is moderately wounded.
Natasha mumbles some strange words.
You feel disoriented. You block Natasha's attack. You block Natasha's attack.
Natasha claws you!
You die...

#.. #..#.# #... #.
#.##.### #... #.##...#
#... #.####.## #...
.#######.......# ##..#
[.........######
###..## #######..##
####.†...#
#.#######....#....
#####@###.....######.#
#.....h...##### ..
#..###.##### . .. #.#
. #.# #.# ... ..# .#


You could see Natasha.

Vanquished Creatures
  An adder (D:2)
  3 dart slugs (D:1)
  A leopard gecko (D:1)
  A giant cockroach (D:1)
  4 goblins (D:1)
  4 hobgoblins (D:1)
  6 jackals (D:1)
  A kobold (D:1)
  4 bats
  A frilled lizard (D:1)
  10 rats (D:1)
36 creatures vanquished.

Notes
Turn   | Place    | Note
-------+----------+-------------------------------------------
     0 | D:1      | Straycheeseburger the Deep Elf Conjurer began the quest for
                  | the Orb.
     0 | D:1      | Reached XP level 1. HP: 10/10 MP: 6/6
   500 | D:1      | Reached XP level 2. HP: 15/15 MP: 6/8
   794 | D:1      | Reached skill level 5 in Conjurations
   899 | D:1      | Reached XP level 3. HP: 19/19 MP: 5/10
  1275 | D:2      | Noticed Natasha
  1282 | D:1      | Learned a level 3 spell: Dazzling Spray
  1460 | D:2      | Slain by Natasha

Skill      XL: |  1  2  3 |
---------------+----------+-----
Conjurations   | 5 |  5.3
Spellcasting   | 4 |  4.0
Dodging        | |  2.8
Stealth        | |  2.4

Action                   || total
-------------------------++-------
Melee: Unarmed           ||     9
       Club              ||     5
 Cast: Magic Dart        ||    67
  Use: Potion            ||     2
  Eat: Chunk             ||     1
Armor: Robe              ||     6
Dodge: Dodged            ||    18
Block: Shield            ||     3
